 Dungeon Crawl Stone Soup version 0.30.1-11-g7821555f0a (webtiles) character file.

Game seed: 4075636803521902387

34 Okkudo the Trooper (level 3, 0/33 HPs)
             Began as a Hill Orc Fighter on Nov 27, 2023.
             Succumbed to a gnoll's poison
             ... on level 2 of the Dungeon.
             The game lasted 00:05:34 (1049 turns).

Okkudo the Trooper (Hill Orc Fighter)               Turns: 1049, Time: 00:05:34

Health: 0/33       AC:  8    Str: 20    XL:     3   Next: 31%
Magic:  3/3        EV:  9    Int:  8    God:
Gold:   36         SH:  4    Dex: 10    Spells: 2/2 levels left

rFire   . . .        a - +0 war axe
rCold   . . .        c - +0 buckler
rNeg    . . .        b - +0 scale mail
rPois   .            (no helmet)
rElec   .            (no cloak)
rCorr   .            n - +0 pair of gloves
SInv    .            (no boots)
Will    .....        (no amulet) Stlth
                     (no ring)
HPRegen 0.25/turn    (no ring)
MPRegen 0.08/turn

%: no passive effects
@: lethally poisoned (0 -> -4)
A: no striking features
a: no special abilities


You were on level 2 of the Dungeon.
You visited 1 branch of the dungeon, and saw 2 of its levels.

You collected 36 gold pieces.

Inventory:

Hand Weapons
 a - a +0 war axe (weapon)
Missiles
 h - 10 poisoned darts (quivered)
Armour
 b - a +0 scale mail (worn)
 c - a +0 buckler (worn)
 n - a +0 pair of gloves (worn)
Scrolls
 e - a scroll of fog {unknown}
 f - a scroll of enchant armour {unknown}
 i - a scroll of poison {unknown}
 k - 2 scrolls of identify {unknown}
Potions
 d - a potion of might
 g - a potion of mutation {unknown}
 l - a potion of lignification {unknown}
 m - a potion of curing {unknown}


   Skills:
 * Level 4.2 Fighting
 * Level 3.5 Axes
 + Level 3.5 Armour
 + Level 3.5 Shields


You had 2 spell levels left.
You didn't know any spells.
Your spell library contained the following spells:

 Spells                   Type           Power      Damage    Failure   Level
 Poisonous Vapours        Pois/Air       0%         N/A       92%         2
 Mephitic Cloud           Conj/Pois/Air  0%         N/A       99%         3
 Volatile Blastmotes      Fire/Tloc      0%         2d10      99%         3
 Fulminant Prism          Conj/Hex       0%         3d5       100%        4
 Iskenderun's Mystic Bla  Conj/Tloc      0%         2d3       100%        4
 Freezing Cloud           Conj/Ice/Air   0%         6-21      100%        5
 Iskenderun's Battlesphe  Conj           0%         2d6       100%        5
 Lee's Rapid Deconstruct  Erth           0%         3d4*      100%        5
 Iron Shot                Conj/Erth      0%         9d1       100%        6
 Spellforged Servitor     Conj/Summ      0%         N/A       100%        7


Dungeon Overview and Level Annotations

Branches:
Dungeon (2/15)

Altars:
Qazlal


Message History

You hit the gnoll but do no damage.
The gnoll is lightly wounded.
You barely miss the gnoll. You block the gnoll's attack.
The gnoll hits you from afar with a +1 spear of venom.
You are poisoned.
The gnoll barely misses you.
You barely miss the gnoll.
The gnoll is lightly wounded.
You hit the gnoll but do no damage.
You feel very sick. The gnoll closely misses you.
The gnoll hits you but does no damage.
You are more poisoned.
The gnoll hits you from afar with a +1 spear of venom.
You barely miss the gnoll.
The gnoll is lightly wounded.
You slash the gnoll!
You feel very sick. The gnoll hits you with a +0 spear.
The gnoll barely misses you. The gnoll hits you with a +0 flail.
You slash the gnoll!
The gnoll is almost dead.
You hit the gnoll.
You feel very sick. The gnoll hits you but does no damage.
The gnoll hits you from afar with a +1 spear of venom.
* * * LOW HITPOINT WARNING * * *
The gnoll hits you but does no damage. The gnoll attacks as you move away!
The gnoll barely misses you.
* * * LOW HITPOINT WARNING * * *
You feel sick. The gnoll hits you but does no damage.
Okay, then.
Okay, then.
As you read the scroll labelled SOGREL REWUIZUSK, it crumbles to dust.
You feel aware of your surroundings.
It was a scroll of magic mapping.
* * * LOW HITPOINT WARNING * * *
You feel sick. The gnoll closely misses you. x2
* * * LOW HITPOINT WARNING * * *
You feel sick. The gnoll attacks as you move away!
You block the gnoll's attack.
You die...

.###..........##.....# **,* *,,,
.# #..........##.....# *,* *,,,
.# #..........##.....# *,** *,,,
.#*#..........##.....# *,,***,,,
.....................# **,,,*,,,
...#..........#......# ***,,,,,
...#>.........#......# *****,
...#..........#......# **
...#..........#.@....#
...#..........#......#
,,,#............g########*******
,,,*####...........gg....,,,,,,*
,,,* *,.$......g######.,,,,,,*
,,,* *,.........# *,,,,,,,* ****
*,........## *,,,,,,,*
*,........# *,,,,,,,*
**######### **,,*****


You could see 2 gnolls.

Vanquished Creatures
  A worm (D:2)
  4 ball pythons
  5 bats
  2 endoplasms
  A goblin (D:1)
  2 hobgoblins
  5 jackals
  2 quokkas (D:1)
  2 frilled lizards (D:2)
  2 kobolds (D:1)
  A rat (D:2)
27 creatures vanquished.

Notes
Turn   | Place    | Note
-------+----------+-------------------------------------------
     0 | D:1      | Okkudo the Hill Orc Fighter began the quest for the Orb.
     0 | D:1      | Reached XP level 1. HP: 19/19 MP: 1/1
   101 | D:1      | Reached XP level 2. HP: 27/27 MP: 2/2
   125 | D:1      | Found a faded altar of an unknown god.
   324 | D:1      | Reached skill level 4 in Fighting
   919 | D:2      | Reached XP level 3. HP: 26/33 MP: 3/3
   925 | D:2      | Identified the +2 leather armour "Kyakh" {-Tele rF++
                  | Will+++ MP+9}
   986 | D:2      | Found a stormy altar of Qazlal.
  1048 | D:2      | HP: 1/33 [poisoned by a gnoll]
  1049 | D:2      | Succumbed to a gnoll's poison

Illustrated notes

Levels and vault maps discovered:
D:1:      dpeg_arrival_erosion, layout_basic, shapermc_ecumenical_altar_ellora
D:2:      layout_basic, basic_altar, uniq_crazy_yiuf_cottage

Skill      XL: |  1  2 |
---------------+-------+-----
Axes           | 3 |  3.5
Fighting       | 4 |  4.2
Armour         | |  3.5
Shields        | |  3.5

Action                     || total
---------------------------++-------
  Melee: War axe           ||    83
    Use: Scroll            ||     1
 Armour: Scale mail        ||    54
  Dodge: Dodged            ||    51
  Block: Buckler           ||    14
